 Dungeon Crawl Stone Soup version 0.28-a0-1128-gb845255321 (webtiles) character file.

Game seed: 16742733820507074558

73 Astera the Skirmisher (level 4, 0/57 HPs)
             Began as a Barachi Fighter on Dec 12, 2021.
             Was a Follower of Trog.
             Slain by Jessica (6 damage)
             ... on level 3 of the Dungeon.
             The game lasted 00:05:53 (1737 turns).

Astera the Skirmisher (Barachi Fighter)             Turns: 1737, Time: 00:05:54

Health: 0/57       AC:  7    Str: 20    XL:     4   Next: 27%
Magic:  4/4        EV:  9    Int:  8    God:    Trog [*.....]
Gold:   25         SH:  4    Dex: 11    Spells: 3/3 levels left

rFire   . . .      SeeInvis .   a - +0 long sword
rCold   . . .      Faith    .   c - +0 buckler
rNeg    . . .      Spirit   .   b - +0 scale mail
rPois   .          Reflect  .   (no helmet)
rElec   .          Harm     .   (no cloak)
rCorr   .          Rampage  .   (no gloves)
Will    .....                   (no boots)
Stlth   ..........              (no amulet)
HPRegen 0.19/turn               (no ring)
MPRegen 0.09/turn               (no ring)

@: berserking (expiring), quick
A: amphibious, slowness 1, strong legs 1, +LOS
a: Hop, Renounce Religion, Berserk


You were on level 3 of the Dungeon.
You worshipped Trog.
Trog was aware of your devotion.
You visited 1 branch of the dungeon, and saw 3 of its levels.

You collected 25 gold pieces.

Inventory:

Hand Weapons
 a - a +0 long sword (weapon)
Armour
 b - a +0 scale mail (worn)
 c - a +0 buckler (worn)
Scrolls
 e - 2 scrolls of amnesia {unknown}
 g - a scroll of blinking {unknown}
 j - 4 scrolls of identify {unknown}
 k - a scroll of fear {unknown}
 l - a scroll of enchant weapon {unknown}
Potions
 d - a potion of might
 f - 2 potions of magic {unknown}
 h - a potion of curing {unknown}
 i - a potion of haste {unknown}
 m - a potion of heal wounds {unknown}


   Skills:
 + Level 4.3 Fighting
 + Level 4.0 Long Blades
 + Level 4.1 Armour
 + Level 0.1 Dodging
 + Level 0.2 Stealth
 + Level 3.5 Shields


You had 3 spell levels left.
You didn't know any spells.
Your spell library was empty.

Dungeon Overview and Level Annotations

Branches:
Dungeon (3/15)

Altars:
Dithmenos
Trog

Annotations:
D:3 Jessica


Innate Abilities, Weirdness & Mutations

You are amphibious.
You cover ground slowly.
You can hop short distances.
You have an extended range of vision and can be seen from far away.


Message History

No target in view!
No target in view!
No target in view!
No target in view!
Things that are here:
a +0 dagger; a goblin corpse An orc comes into view.
It is wielding a +0 dagger.
The orc shouts!
An adder comes into view.
Jessica the Apprentice Sorceress comes into view.
She is wielding a +2 dagger of distortion.
Jessica shouts!
You block the orc's attack. The adder bites you but does no damage.
The orc completely misses you.
You slash the orc!
You kill the orc!
Trog accepts your kill. The adder barely misses you.
Your Long Blades skill increases to level 4!
You miss the adder. The adder bites you.
You closely miss the adder. You block the adder's attack.
The adder closely misses you.
Jessica casts a spell.
Jessica blinks!
You miss the adder. You block the adder's attack. You block Jessica's attack.
The adder bites you but does no damage.
You hit Jessica.
Jessica is moderately wounded.
The adder bites you but does no damage.
Jessica hits you with a +2 dagger of distortion.
Space warps horribly around you!!
Ouch! That really hurt!
* * * LOW HITPOINT WARNING * * *
A red film seems to cover your vision as you go berserk!
You feel yourself moving faster!
You feel mighty! The adder closely misses you.
Jessica hits you with a +2 dagger of distortion.
* * * LOW HITPOINT WARNING * * *
You blink.
You feel a strong urge to attack something.
Jessica hits you with a +2 dagger of distortion.
You die...

#. #...........##....... #.
#................... #@
#..†................ #.
#.........###..).... #.
#..).......###...... #.
#...........##...... #.
#...)............<..
#..####.####..........##.......
.........).§S@@.......###......
.........####........## #......
.....##### ##......## #......
.... ######## #...... ..
####### #


You could see an adder and Jessica.

Vanquished Creatures
  Robin (D:2)
  A gnoll (D:1)
  4 dart slugs (D:1)
  An orc (D:3)
  5 ball pythons
  3 endoplasms
  A giant cockroach (D:1)
  3 hobgoblins
  3 quokkas (D:1)
  5 bats
  2 frilled lizards (D:1)
  9 goblins
  4 rats (D:1)
42 creatures vanquished.

Notes
Turn   | Place    | Note
-------+----------+-------------------------------------------
     0 | D:1      | Astera the Barachi Fighter began the quest for the Orb.
     0 | D:1      | Reached XP level 1. HP: 18/18 MP: 1/1
   124 | D:1      | Reached XP level 2. HP: 25/25 MP: 2/2
   583 | D:1      | Reached XP level 3. HP: 27/30 MP: 3/3
   609 | D:1      | You fall into a shaft and drop 1 floor!
   890 | D:2      | Found a faded altar of an unknown god.
   901 | D:2      | Prayed at the altar of an unknown god.
   901 | D:2      | Became a worshipper of Trog the Wrathful
   901 | D:2      | Reached * piety under Trog
  1025 | D:2      | Found a shadowy altar of Dithmenos.
  1323 | D:2      | Noticed Robin
  1377 | D:2      | Killed Robin
  1378 | D:2      | Reached XP level 4. HP: 29/38 MP: 4/4
  1726 | D:3      | Noticed Jessica
  1737 | D:3      | Slain by Jessica

Illustrated notes

Levels and vault maps discovered:
D:1:      psy_arrival_spokes, layout_loops_ring
D:2:      layout_basic, shapermc_ecumenical_altar_pompeii, basic_altar,
          uniq_robin
D:3:      layout_rooms, uniq_jessica

Skill      XL: |  1  2  3  4 |
---------------+-------------+-----
Fighting       | 4 |  4.3
Long Blades    | 3 4 |  4.0
Armour         | 4 |  4.1
Dodging        | |  0.1
Stealth        | |  0.2
Shields        | |  3.5

Action                   |  1- 3 |  4- 6 || total
-------------------------+-------+-------++-------
Melee: Long sword        |   123 |    22 ||   145
Invok: Berserk           |       |     1 ||     1
Armor: Scale mail        |    60 |    22 ||    82
Dodge: Dodged            |    72 |     8 ||    80
Block: Buckler           |    35 |    11 ||    46

Table legend: (Time is in decaauts)
 A = Elapsed time spent in this place.
 B = Non-inter-level travel time spent in this place.
 C = Inter-level travel time spent in this place.
 D = Time resting spent in this place.
 E = Time spent auto-exploring this place.
 F = Levels seen in this place.
 G = Mean time per level.
                   A        B        C        D        E       F      G
               +--------+--------+--------+--------+--------+-----+--------+
         Total |   2026 |   1971 |     55 |      0 |   1228 |   3 |  675.3 |
       Dungeon |   2026 |   1971 |     55 |      0 |   1228 |   3 |  675.3 |
               +--------+--------+--------+--------+--------+-----+--------+

Top non-repeatable levels by time:
     D:1: 974 daAuts
     D:2: 958 daAuts
     D:3: 93 daAuts
